 Dungeon Crawl Stone Soup version 0.30.1-11-g7821555f0a (webtiles) character file.

Game seed: 13561053448187590347

132 SacredBeard the Purveyor of Pain (level 4, -2/32 HPs)
             Began as a Demonspawn Necromancer on Nov 3, 2023.
             Was an Initiate of Kikubaaqudgha.
             Slain by an orc
             ... wielding a +0 hand axe
              (5 damage)
             ... on level 3 of the Dungeon.
             The game lasted 00:05:06 (2441 turns).

SacredBeard the Purveyor of Pain (DsNe)             Turns: 2441, Time: 00:05:07

Health: -2/32      AC:  2    Str:  9    XL:     4   Next: 92%
Magic:  0/7        EV: 12    Int: 18    God:    Kikubaaqudgha [......]
Gold:   107        SH:  0    Dex: 15    Spells: 7/8 levels left

rFire   . . .        g - +0 dagger
rCold   . . .        (no shield)
rNeg    . . .        a - +0 robe
rPois   .            (no helmet)
rElec   .            (no cloak)
rCorr   .            (no gloves)
SInv    .            (no boots)
Will    .....        (no amulet)
Stlth   ++           (no ring)
HPRegen 0.25/turn    (no ring)
MPRegen 0.10/turn

%: no passive effects
@: no status effects
A: big brain 1, demonic touch 1
a: Renounce Religion


You were on level 3 of the Dungeon.
You worshipped Kikubaaqudgha.
Kikubaaqudgha was noncommittal.
You visited 1 branch of the dungeon, and saw 3 of its levels.

You collected 107 gold pieces.

Inventory:

Hand Weapons
 g - a +0 dagger (weapon)
Armour
 a - a +0 robe (worn)
Scrolls
 f - 2 scrolls of identify {unknown}
 h - a scroll of noise {unknown}
Potions
 b - a potion of magic
 c - a potion of might {unknown}
 d - a potion of degeneration {unknown}
 e - 2 potions of curing {unknown}
 i - a potion of heal wounds {unknown}
 j - 2 potions of ambrosia {unknown}


   Skills:
 + Level 1.3 Fighting
 + Level 1.1 Armour
 + Level 2.2 Dodging
 + Level 2.7 Stealth
 + Level 2.5 Spellcasting
 * Level 5.3 Necromancy


You had 7 spell levels left.
You knew the following spells:

 Your Spells              Type           Power      Damage    Failure   Level
a - Necrotise             Necr           84%        1d8       1%          1

Your spell library contained the following spells:

 Spells                   Type           Power      Damage    Failure   Level
 Vampiric Draining        Necr           21%        2d7       6%          3
 Animate Dead             Necr           21%        N/A       19%         4
 Agony                    Necr           21%        N/A       47%         5
 Borgnjor's Vile Clutch   Necr/Erth      5%         N/A       85%         5
 Alistair's Intoxication  Tmut/Pois      1%         N/A       99%         5
 Eringya's Noxious Bog    Tmut/Pois      1%         N/A       100%        6


Dungeon Overview and Level Annotations

Branches:
Dungeon (3/15) Zot: 15558

Altars:
Kikubaaqudgha

Shops:
D:1 (


Innate Abilities, Weirdness & Mutations

You have an unusually large brain. (Int +2)
Your touch may inflict minor irresistible damage on your foes.


Message History

Natasha is almost dead.
Natasha mumbles some strange words.
You closely miss Natasha.
Natasha is almost dead.
The orc hits you with a +0 club. The orc misses you. Natasha barely misses you.
The cerulean imp misses you.
You hit Natasha.
You kill Natasha!
Kikubaaqudgha accepts your kill.
Natasha screams in fury as she dies!
The cerulean imp disappears in a puff of smoke!
The orc hits you but does no damage. x2
You hit the orc.
The orc is heavily wounded.
The orc hits you with a +0 hand axe. The orc hits you with a +0 club.
* * * LOW HITPOINT WARNING * * *
Casting: Necrotise (safe; 1% risk of failure)
Confirm with . or Enter, or press ? or * to list all spells.
Aiming: Necrotise (safe; 1% risk of failure)
Press: ? - help, Shift-Dir - straight line, f - orc
Aim: an orc, wielding a +0 club (heavily wounded, chance to affect: 90%)
The orc writhes in agony.
The orc barely misses you. The orc closely misses you.
Casting: Necrotise (safe; 1% risk of failure)
Confirm with . or Enter, or press ? or * to list all spells.
Aiming: Necrotise (safe; 1% risk of failure)
Press: ? - help, Shift-Dir - straight line, f/p - orc
Aim: an orc, wielding a +0 club (heavily wounded, chance to affect: 90%)
The orc writhes in agony.
The orc hits you with a +0 hand axe.
* * * LOW HITPOINT WARNING * * *
The orc misses you.
Casting: Necrotise (safe; 1% risk of failure)
Confirm with . or Enter, or press ? or * to list all spells.
You don't have enough magic to cast this spell.
Unknown command.
You barely miss the orc.
The orc is severely wounded.
The orc hits you with a +0 hand axe.
You die...
Kikubaaqudgha rasps: "You have failed me!
Welcome... death!"

............##.##
#
#.......####.####
#....<..# #.#...
#.......# #.#.##
#####.......#
#.#.##
#........[..#
#....#
####.....#######
###### .........#
####...@.#
#..o.o# ##'.....
#...#.## ...#..#
.... ... #....
#... ..... ...


You could see 2 orcs.

Vanquished Creatures
  Natasha (D:3)
  4 adders
  A worm (D:2)
  A dart slug (D:2)
  An orc (D:3)
  2 bats (D:1)
  5 endoplasms
  5 giant cockroaches
  4 goblins
  5 hobgoblins
  2 jackals (D:3)
  3 kobolds
  6 quokkas
  7 ball pythons
  8 frilled lizards
  4 rats
59 creatures vanquished.

Vanquished Creatures (collateral kills)
  An endoplasm (D:1)
  A frilled lizard (D:1)
  A kobold (D:2)
  A rat (D:1)
4 creatures vanquished.

Grand Total: 63 creatures vanquished

Notes
Turn   | Place    | Note
-------+----------+-------------------------------------------
     0 | D:1      | SacredBeard the Demonspawn Necromancer began the quest for
                  | the Orb.
     0 | D:1      | Reached XP level 1. HP: 13/13 MP: 3/3
   214 | D:1      | Found Riuja's Antique Weapon Shoppe.
   251 | D:1      | Gained mutation: Your touch may inflict minor irresistible
                  | damage on your foes. [demonic ancestry]
   251 | D:1      | Reached XP level 2. HP: 20/20 MP: 3/5
   818 | D:1      | Gained mutation: You have an unusually large brain. (Int
                  | +2) [demonic ancestry]
   818 | D:1      | Reached XP level 3. HP: 25/25 MP: 4/6
  1383 | D:2      | Reached skill level 5 in Necromancy
  1464 | D:2      | Reached skill level 1 in Fighting
  1561 | D:2      | Reached XP level 4. HP: 32/32 MP: 4/7
  2118 | D:3      | Noticed Natasha
  2318 | D:3      | Found an ancient bone altar of Kikubaaqudgha.
  2323 | D:3      | Reached skill level 1 in Armour
  2330 | D:3      | Became a worshipper of Kikubaaqudgha
  2437 | D:3      | Killed Natasha
  2441 | D:3      | Slain by an orc

Illustrated notes

Levels and vault maps discovered:
D:1:      enne_arrival_octagon_isle, layout_loops_ring, serial_shops, shop
D:2:      layout_basic
D:3:      layout_basic, mainiacjoe_overflow_surrounded_room,
          hellmonk_ecumenical_altar_run_dry,
          hangedman_abyss_or_decor_lesser_grid, skrybe_limestone_x, uniq_natasha

Skill      XL: |  1  2  3  4 |
---------------+-------------+-----
Stealth        | 2 |  2.7
Dodging        | 2 |  2.2
Necromancy     | 5 |  5.3
Fighting       | 1 |  1.3
Armour         | 1 |  1.1
Spellcasting   | |  2.5

Action                     |  1- 3 |  4- 6 || total
---------------------------+-------+-------++-------
  Melee: Unarmed           |     7 |       ||     7
         Dagger            |     4 |     9 ||    13
         Touch             |     2 |       ||     2
   Cast: Necrotise         |    67 |    39 ||   106
   Stab: Sleeping          |     2 |       ||     2
 Armour: Robe              |     1 |     2 ||     3
  Dodge: Dodged            |    14 |     9 ||    23
